 Dungeon Crawl Stone Soup version 0.18.1-6-gd335043 (webtiles) character file.

1635 m0ast the Grappler (level 8, -10/70 HPs)
             Began as a Ghoul Monk on May 20, 2016.
             Mangled by an ogre
             ... wielding a +0 giant club
              (19 damage)
             ... on level 7 of the Dungeon.
             The game lasted 00:38:24 (7446 turns).

m0ast the Grappler (Ghoul Monk)                     Turns: 7446, Time: 00:38:25

Health: -10/70     AC:  8    Str: 16    XL:     8   Next: 98%
Magic:  8/8        EV: 13    Int:  6    God:
Gold:   303        SH:  0    Dex: 11    Spells: 0 memorised, 7 levels left

rFire  x . .     SeeInvis .       - Unarmed
rCold  + + .     Gourm    .     d - +0 leather armour
rNeg   + + +     Faith    .     (no shield)
rPois  ∞         Spirit   .     r - +0 helmet
rElec  .         Dismiss  .     E - +0 cloak (curse)
rCorr  .         Reflect  .     e - +2 pair of gloves
SustAt .         Harm     .     (no boots)
MR     .....                    (no amulet)
Stlth  ++........               (no ring)
                                v - ring of ice

@: about to teleport, rotting, not resistant to hostile enchantments, unstealthy
A: rotting body, claws 1, carnivore 3, cold resistance 1, negative energy
resistance 3, slow regeneration 1, torment resistance, unbreathing
a: no special abilities


You were on level 7 of the Dungeon.
You were not hungry.

You visited 2 branches of the dungeon, and saw 8 of its levels.

You collected 303 gold pieces.

Inventory:

Armour
 a - a +0 robe
 d - a +0 leather armour (worn)
 e - a +2 pair of gloves (worn)
 p - a +0 ring mail
 r - a +0 helmet (worn)
 E - a cursed +0 cloak (worn)
Jewellery
 u - an uncursed ring of poison resistance
 v - a ring of ice (left hand)
 D - an uncursed ring of positive energy {unknown}
Wands
 w - a wand of digging (1/24)
Scrolls
 b - 2 scrolls of noise {unknown}
 c - 2 scrolls of recharging {unknown}
 f - 2 scrolls of remove curse {unknown}
 g - 2 scrolls of random uselessness {unknown}
 h - 4 scrolls of teleportation
 j - 3 scrolls of amnesia
 o - 2 scrolls of identify
 q - a scroll of blinking {unknown}
 s - a scroll of fear {unknown}
 y - 3 scrolls of enchant armour {unknown}
 A - a scroll of fog {unknown}
Potions
 i - 2 potions of agility {unknown}
 l - a potion of mutation {unknown}
 m - a potion of flight {unknown}
 n - 2 potions of invisibility {unknown}
 x - a potion of ambrosia {unknown}
 z - a potion of curing {unknown}
 C - a potion of lignification {unknown}
Comestibles
 t - a slice of pizza
 B - a fruit


   Skills:
 + Level 5.9 Fighting
 - Level 2.2 Armour
 + Level 5.3 Dodging
 + Level 4.8 Stealth
 * Level 8.9 Unarmed Combat
 + Level 1.3 Evocations


You had 7 spell levels left.
You didn't know any spells.

Dungeon Overview and Level Annotations

Branches:
Dungeon (7/15)             Temple (1/1) D:6

Altars:
Ashenzari
Cheibriados
Dithmenos
Elyvilon
Kikubaaqudgha
Makhleb
Nemelex Xobeh
Pakellas
Trog
Xom
Yredelemnul
Zin

Shops:
D:4 %

Annotations:
D:7 Joseph


Innate Abilities, Weirdness & Mutations

Your body is rotting away.
You thrive on raw meat.
You are immune to poison.
You have sharp fingernails.
You are carnivorous and can eat meat at any time.
Your flesh is cold resistant.
You are immune to negative energy.
You regenerate slowly when monsters are visible.
You are immune to unholy pain and torment.
You can survive without breathing.


Message History

You kill the ice beast!
Joseph unwields an uncursed quarterstaff.
Joseph wields a hunting sling.
Joseph shoots a sling bullet.
The sling bullet hits you!
Joseph shoots a sling bullet.
The sling bullet barely misses you.
You see here a sling bullet.
There is a stone staircase leading up here.
The ogre closely misses you.
You hit the ogre.
The ogre is moderately wounded.
You hit the ogre.
The ogre is moderately wounded.
The ogre hits you with a giant club!!
You hit the ogre.
The ogre is heavily wounded.
The ogre hits you with a giant club!
* * * LOW HITPOINT WARNING * * *
As you read the scroll of teleportation, it crumbles to dust.
You feel strangely unstable. The ogre hits you with a giant club!!
You die...

..# #.#
####.#######.#
......@†(..(.#
####...####O.#
#...... #<.#
#.####$ #.##
#.#########.#
#.......@O..#
#############


You could see an ogre.

Vanquished Creatures
  The ghost of zkyp the Chopper, an amateur HOAE (D:5)
  Duvessa (D:5)
  2 ice beasts
  2 ogres
  Dowan (D:5)
  A giant frog (D:6)
  2 scorpions (D:5)
  4 howler monkeys
  A hound (D:3)
  2 orc priests (D:4)
  A jelly (D:5)
  An orc wizard (D:5)
  An iguana (D:5)
  5 worker ants
  Natasha (thrice) (D:3)
  A hound zombie (D:6)
  A worker ant zombie (D:5)
  7 adders
  A gnoll (D:1)
  2 shadow imps
  An adder skeleton (D:4)
  2 worms
  A dart slug (D:2)
  5 giant geckos
  10 orcs
  A ball python (D:5)
  6 giant cockroaches
  5 hobgoblins
  11 jackals
  5 quokkas
  7 bats
  5 giant newts
  15 goblins
  9 kobolds
  A quokka skeleton (D:5)
  A quokka zombie (D:5)
  9 rats
134 creatures vanquished.

Notes
Turn   | Place    | Note
--------------------------------------------------------------
     0 | D:1      | m0ast the Ghoul Monk began the quest for the Orb.
     0 | D:1      | Reached XP level 1. HP: 19/19 MP: 0/0
   122 | D:1      | Reached XP level 2. HP: 26/26 MP: 1/1
   699 | D:1      | Reached XP level 3. HP: 31/31 MP: 2/2
   823 | D:1      | Reached skill level 5 in Unarmed Combat
  1569 | D:2      | Reached XP level 4. HP: 40/40 MP: 3/3
  2169 | D:3      | Noticed Natasha
  2187 | D:3      | Killed Natasha
  2230 | D:3      | Reached XP level 5. HP: 28/46 MP: 4/4
  2363 | D:3      | Noticed Natasha
  2397 | D:3      | Killed Natasha
  2453 | D:3      | Noticed Natasha
  2467 | D:3      | Killed Natasha
  2829 | D:3      | Found an oddly glowing altar of Pakellas.
  2851 | D:3      | Reached XP level 6. HP: 52/52 MP: 5/5
  2875 | D:3      | Reached skill level 6 in Unarmed Combat
  2975 | D:3      | Found a shimmering altar of Xom.
  2976 | D:3      | Found a shimmering altar of Xom.
  2977 | D:3      | Found a shimmering altar of Xom.
  2977 | D:3      | Found a shimmering altar of Xom.
  2977 | D:3      | Found a shimmering altar of Xom.
  3497 | D:4      | Found a shattered altar of Ashenzari.
  3557 | D:4      | Found a snail-covered altar of Cheibriados.
  4170 | D:4      | Reached XP level 7. HP: 51/58 MP: 6/6
  4271 | D:4      | Reached skill level 1 in Armour
  4330 | D:4      | Found Wuizog's Food Shop.
  4647 | D:5      | Entered Level 5 of the Dungeon
  4865 | D:5      | Reached skill level 7 in Unarmed Combat
  4896 | D:5      | Noticed Duvessa
  4896 | D:5      | Noticed Dowan
  4920 | D:5      | Killed Duvessa
  4920 | D:5      | Reached skill level 5 in Fighting
  4940 | D:5      | Killed Dowan
  5243 | D:5      | Reached XP level 8. HP: 63/68 MP: 7/7
  5700 | D:5      | Noticed zkyp's ghost (amateur HOAE)
  5737 | D:5      | Killed zkyp's ghost
  5737 | D:5      | Reached skill level 5 in Dodging
  5737 | D:5      | Reached skill level 8 in Unarmed Combat
  6315 | D:6      | Found a staircase to the Ecumenical Temple.
  6327 | Temple   | Entered the Ecumenical Temple
  7401 | D:7      | Reached skill level 1 in Evocations
  7424 | D:7      | Noticed Joseph
  7446 | D:7      | Mangled by an ogre

Skill      XL: |  1  2  3  4  5  6  7  8 |
---------------+-------------------------+-----
Dodging        | 3 4 5 |  5.3
Unarmed Combat | 5 6 7 8 |  8.9
Fighting       | 4 5 |  5.9
Stealth        | 3 4 |  4.8
Armour         | 1 2 |  2.2
Evocations     | 1 |  1.3

Action                   |  1- 3 |  4- 6 |  7- 9 || total
-------------------------+-------+-------+-------++-------
Melee: Unarmed           |    91 |   207 |   228 ||   526
       Punch             |     1 |     3 |     9 ||    13
  Use: Scroll            |       |     2 |     3 ||     5
       Potion            |       |     1 |       ||     1
 Stab: Sleeping          |     4 |     4 |     2 ||    10
       Distracted        |       |     1 |     1 ||     2
  Eat: Chunk             |    13 |    20 |    15 ||    48
       Meat ration       |       |     1 |     1 ||     2
       Beef jerky        |       |       |     1 ||     1
Armor: Robe              |    11 |    13 |       ||    24
       Leather armour    |       |    17 |    62 ||    79
Dodge: Dodged            |    70 |   121 |   111 ||   302
